cohdb
Replays
Latest Replays
All Replays
Popular Replays
Top Player Replays
Match Explorer
How It Works
Community
CoH3 Stats
Reddit
Sign in to upload your games and track your stats! →
Sign in with Steam
Match 44629873
Unlisted
Match 44629873
Overview
Messages
Build Orders
End
Construct Barracks
Selects Armored Battlegroup
Selects Veteran Crews
1⁄4-ton 4x4 Truck
M1 Mortar Team
Riflemen Squad
Riflemen Squad
Grenade Package
Construct Medical Station
Riflemen Squad
Mechanized Support Center
Riflemen Squad
Riflemen Squad
Selects M31 Recovery Vehicle
Selects War Machine
Construct Tank Depot
M4A1 Sherman Medium Tank
Selects Fast Deploy
M4A1 Sherman Medium Tank
M31 Recovery Vehicle
M4A1 76mm Conversion
Selects Seek and Destroy
M1918 Browning Automatic Rifles
Engineer Squad
Designate Forward Repair Station
Gear-IV-G
Thomas Shelby
粉色上瘾
许聪聪
十_Fck
Door
Dauskun
Squall
0
0
Comments
sign in to comment!
No comments posted yet!